 Dungeon Crawl Stone Soup version 0.18.1-48-g4cf74bf (console) character file.

329 Kloppie the Cudgeler (level 6, -6/56 HPs)
             Began as a Minotaur Gladiator on July 3, 2016.
             Killed from afar by an orc wizard (10 damage)
             ... with a puff of flame
             ... on level 4 of the Dungeon.
             The game lasted 00:03:35 (2350 turns).

Kloppie the Cudgeler (Minotaur Gladiator)           Turns: 2350, Time: 00:03:35

Health: -6/56      AC:  7    Str: 20    XL:     6   Next: 25%
Magic:  5/5        EV: 12    Int:  5    God:
Gold:   108        SH:  0    Dex: 12    Spells: 0 memorised, 5 levels left

rFire  . . .     SeeInvis .     a - +0 flail
rCold  . . .     Gourm    .     h - +0 ring mail
rNeg   . . .     Faith    .     (no shield)
rPois  .         Spirit   .     c - +0 hat
rElec  .         Dismiss  .     (no cloak)
rCorr  .         Reflect  .     (no gloves)
SustAt .         Harm     .     y - +0 pair of boots
MR     .....                    (no amulet)
Stlth  +.........               (no ring)
                                (no ring)

@: very slightly contaminated, hasted, very quick, not resistant to hostile
enchantments, very unstealthy
A: retaliatory headbutt, horns 2
a: no special abilities


You were on level 4 of the Dungeon.
You were hungry.

You visited 1 branch of the dungeon, and saw 4 of its levels.

You collected 108 gold pieces.

Inventory:

Hand Weapons
 a - a +0 flail (weapon)
Armour
 c - a +0 hat (worn)
 h - a +0 ring mail (worn)
 y - a +0 pair of boots (worn)
Jewellery
 n - a +5 ring of evasion {unknown}
 u - an uncursed amulet of regeneration {unknown}
Wands
 v - a wand of iceblast (4/15)
Scrolls
 e - 2 scrolls of remove curse {unknown}
 i - a scroll of enchant armour {unknown}
 j - a scroll of recharging {unknown}
 l - 4 scrolls of identify {unknown}
 o - a scroll of fog {unknown}
 q - a scroll of fear {unknown}
 t - a scroll of blinking {unknown}
 x - a scroll of teleportation {unknown}
Potions
 g - a potion of haste
 p - a potion of lignification {unknown}
 r - a potion of might {unknown}
 w - a potion of mutation {unknown}
 z - a potion of curing {unknown}
 A - a potion of ambrosia {unknown}
Comestibles
 b - a slice of pizza
 f - a bread ration
 k - a royal jelly
 m - a meat ration


   Skills:
 + Level 5.1 Fighting
 + Level 5.5 Maces & Flails
 - Level 2.0 Throwing
 + Level 4.2 Armour
 - Level 3.2 Dodging


You had 5 spell levels left.
You didn't know any spells.

Dungeon Overview and Level Annotations

Branches:
Dungeon (4/15)
 Temple: D:4-7

Altars:
Cheibriados
Fedhas
Ru
Xom


Innate Abilities, Weirdness & Mutations

You reflexively headbutt those who attack you in melee.
You have a pair of horns on your head.


Message History

The orc wizard barely misses you. Something hits you but does no damage.
You closely miss the orc wizard.
The orc wizard is lightly wounded.
The orc wizard gestures wildly while chanting.
The orc wizard blinks!
An orc comes into view. It is wielding a war axe.
Something hits you but does no damage.
The orc throws a stone.
The stone hits you but does no damage.
You see here a throwing net.
The orc hits you with a war axe.
* * * LOW HITPOINT WARNING * * *
You closely miss the orc. You headbutt the orc.
The orc is moderately wounded.
You closely miss the orc.
The orc is moderately wounded.
The orc hits you but does no damage.
You hear some strange, mumbled words.
A puff of flame appears from out of thin air!
The puff of flame hits you!
You die...

##...<..... #.#.##..##
#.#.##..## #.#.##.>..
#####.#.###.##
#............. #
#.###.......##
#####.#####.###..######
......o@(........#
#####.###...####.#
#?###.o.####.#
#.....)....#)#
#....o.......#
#....(.....###
#...(...#.###
#.####..(.# #. #...##


You could see an orc wizard and an orc.

Vanquished Creatures
  An ogre (D:4)
  An orc priest (D:4)
  A hound (D:4)
  A worker ant (D:4)
  Ijyb (D:3)
  5 adders
  3 worms
  A dart slug (D:3)
  5 giant geckos
  3 orcs (D:3)
  9 bats
  5 giant cockroaches
  13 goblins
  10 hobgoblins
  4 jackals (D:2)
  2 kobolds (D:2)
  A quokka (D:2)
  A ball python (D:1)
  2 giant newts
  8 rats
77 creatures vanquished.

Notes
Turn   | Place    | Note
--------------------------------------------------------------
     0 | D:1      | Kloppie the Minotaur Gladiator began the quest for the Orb.
     0 | D:1      | Reached XP level 1. HP: 18/18 MP: 0/0
   290 | D:1      | Reached XP level 2. HP: 24/26 MP: 1/1
   377 | D:1      | Reached skill level 1 in Armour
  1020 | D:2      | Reached XP level 3. HP: 31/31 MP: 2/2
  1086 | D:2      | Found a sacrificial altar of Ru.
  1252 | D:2      | Reached XP level 4. HP: 40/40 MP: 3/3
  1290 | D:2      | Found a shimmering altar of Xom.
  1515 | D:2      | Found a blossoming altar of Fedhas.
  1832 | D:3      | Found a snail-covered altar of Cheibriados.
  1979 | D:3      | Noticed Ijyb
  1989 | D:3      | Killed Ijyb
  1989 | D:3      | Reached XP level 5. HP: 40/46 MP: 4/4
  2139 | D:4      | Reached skill level 5 in Maces & Flails
  2172 | D:4      | Noticed an ogre
  2187 | D:4      | Killed an ogre
  2187 | D:4      | Reached skill level 5 in Fighting
  2187 | D:4      | Reached XP level 6. HP: 11/56 MP: 5/5
  2350 | D:4      | Killed from afar by an orc wizard

Skill      XL: |  1  2  3  4  5 |
---------------+----------------+-----
Fighting       | 3 4 5 |  5.1
Armour         | 1 2 3 4 |  4.2
Maces & Flails | 4 5 |  5.5
Throwing       | |  2.0
Dodging        | |  3.2

Action                   |  1- 3 |  4- 6 || total
-------------------------+-------+-------++-------
Melee: Flail             |    93 |    91 ||   184
       Headbutt          |    15 |    17 ||    32
Throw: Throwing net      |       |     6 ||     6
  Use: Potion            |       |     1 ||     1
  Eat: Chunk             |     1 |     3 ||     4
Armor: Ring mail         |    34 |    27 ||    61
       Leather armour    |     1 |       ||     1
Dodge: Dodged            |    54 |    54 ||   108
